Map: Terrasses de Prion

Players

pupu

  • Race: Protoss Protoss
  • League: Gold

wardice - Winner!

  • Race: Terran Terran
  • League: Gold

VOD

Have the link to the VOD?

Description

Time

  • Played on: April 18, 2016, 10:42 a.m.
  • Length: 4:45
Show
View Real Time Build Order
Export as new Build Order

pupu Protoss 

Build Orders: Nexus First 

Get SALT Encoding   

  12  0:01  Probe (Chrono Boost)  
  13  0:11  Probe (Chrono Boost)  
  14  0:20  Pylon  
  14  0:22  Probe (Chrono Boost)  
  15  0:52  Nexus  
  16  1:02  Gateway  
  15  1:05  Probe (Chrono Boost)  
  16  1:16  Probe (Chrono Boost), Assimilator  
  17  1:24  Assimilator  
  17  1:26  Probe (Chrono Boost)  
  18  1:37  Probe (Chrono Boost)  
  19  1:48  Probe (Chrono Boost)  
  19  1:49  Cybernetics Core  
  20  1:58  Probe (Chrono Boost)  
  21  2:05  Pylon  
  21  2:07  Probe (Chrono Boost)  
  22  2:09  Probe (Chrono Boost)  
  23  2:17  Probe (Chrono Boost)  
  24  2:23  Probe (Chrono Boost)  
  24  2:25  Warp Gate (Chrono Boost)  
  24  2:26  Probe (Chrono Boost)  
  26  2:33  Twilight Council  
  26  2:34  Probe  
  26  2:36  Probe  
  28  2:46  Probe  
  28  2:47  Probe  
  28  2:50  Robotics Facility  
  30  2:57  Probe  
  30  2:58  Probe  
  30  3:04  Stalker  
  34  3:08  Probe  
  34  3:11  Probe  
  36  3:18  Probe  
  36  3:21  Gateway  
  36  3:23  Probe  
  38  3:29  Probe  
  38  3:32  Gateway  
  39  3:35  Probe, Pylon  
  39  3:40  Probe  
  40  3:41  Warp Prism  
  40  3:47  Probe  
  44  3:48  Assimilator  
  44  3:50  Probe  
  45  3:59  Probe  
  45  4:00  Pylon  
  45  4:01  Probe  
  47  4:02  Pylon  
  47  4:11  Mothership Core  
  47  4:14  Probe  
  47  4:16  Pylon  
  50  4:18  Pylon  
  50  4:21  Pylon  
  54  4:25  Probe  
  55  4:33  Gateway  
  55  4:34  Gateway  
  55  4:37  Gateway  
Show
View Real Time Build Order
Export as new Build Order

wardice Terran - Winner!

Build Orders:  

Get SALT Encoding   

  12  0:01  SCV  
  13  0:13  SCV  
  14  0:18  Supply Depot  
  14  0:25  SCV  
  15  0:30  Refinery  
  15  0:39  SCV  
  16  0:45  Barracks  
  16  0:51  SCV  
  17  1:05  Barracks  
  17  1:09  SCV  
  18  1:21  Barracks  
  18  1:27  SCV  
  19  1:41  Orbital Command  
  19  1:45  Barracks Reactor  
  19  2:04  Barracks Tech Lab  
  19  2:06  Supply Depot  
  19  2:08  SCV  
  20  2:10  Barracks Reactor  
  20  2:20  SCV  
  20  2:22  Engineering Bay  
  21  2:28  Combat Shields  
  21  2:31  Marine x2  
  21  2:33  Marine  
  21  2:36  SCV  
  25  2:46  Marine x2  
  25  2:48  SCV  
  25  2:50  Missile Turret  
  28  2:52  Marine  
  28  2:53  Marine  
  30  3:00  Marine  
  30  3:05  Supply Depot  
  31  3:06  Supply Depot  
  31  3:26  Marine x5  
  36  3:28  Supply Depot  
  36  3:40  SCV  
  37  3:44  Marine x5  
  42  3:51  Supply Depot  
  42  3:59  SCV  
  42  4:02  Marine x3  
  46  4:06  Marine x2  
  48  4:16  Supply Depot  
  48  4:19  Marine x3  
  48  4:24  Marine  
  52  4:25  Marine  
  52  4:29  SCV  
Tags
 
Add a new tag
Caveats
  • Supply blocks, unpowered buildings, or Contaminate may cause inaccurate times.
  • Supply counts are checked every 10 seconds.